Map: Honorgrounds LE

Players

Railgan - Winner!

  • Race: Zerg Zerg
  • League: Master
  • Spawn Location: 11:00

Lisandro

  • Race: Protoss Protoss
  • League: Master
  • Spawn Location: 7:00

VOD

Have the link to the VOD?

Description

Time

  • Played on: Feb. 24, 2017, 5:48 p.m.
  • Length: 13:16
Show
View Real Time Build Order
Export as new Build Order

Railgan Zerg - Winner!

Build Orders: Hatch First 

Get SALT Encoding   

  12  0:01  Drone  
  13  0:13  Overlord  
  13  0:18  Drone  
  14  0:31  Drone x2  
  17  0:35  Drone  
  17  0:45  Drone  
  18  0:57  Drone  
  18  1:01  Extractor  
  18  1:05  Hatchery  
  17  1:14  Spawning Pool  
  17  1:17  Drone  
  17  1:20  Drone  
  18  1:28  Drone  
  19  1:41  Overlord  
  19  1:56  Drone  
  20  2:04  Queen  
  20  2:05  Zergling x2  
  23  2:14  Drone  
  24  2:16  Queen  
  24  2:17  Drone  
  24  2:18  Metabolic Boost  
  27  2:26  Drone  
  28  2:30  Drone  
  28  2:34  Zergling x2  
  30  2:38  Drone  
  30  2:40  Evolution Chamber, Queen  
  30  2:43  Overlord  
  32  2:52  Queen  
  32  2:53  Zergling x2  
  35  3:00  Zergling x2  
  35  3:04  Drone  
  37  3:09  Drone  
  37  3:10  Zerg Melee Weapons Level 1  
  37  3:14  Drone x3  
  39  3:27  Drone  
  39  3:28  Drone x3  
  39  3:33  Overlord  
  43  3:39  Lair  
  43  3:44  Overlord  
  43  3:48  Overlord  
  43  3:50  Spore Crawler  
  43  3:51  Spore Crawler  
  43  3:52  Drone  
  43  3:54  Extractor x2  
  40  3:55  Drone  
  40  3:57  Drone  
  40  4:01  Drone x2  
  44  4:03  Drone  
  44  4:05  Drone  
  46  4:17  Drone, Overlord  
  46  4:21  Overlord  
  46  4:22  Drone x2  
  49  4:32  Drone x4  
  49  4:35  Drone x2  
  53  4:43  Drone  
  54  4:46  Drone  
  54  4:50  Infestation Pit  
  54  4:55  Drone  
  55  5:00  Extractor, Drone  
  55  5:01  Drone  
  55  5:02  Hatchery  
  55  5:05  Zergling x6  
  55  5:06  Overlord  
  58  5:10  Zergling x2  
  58  5:12  Zerg Ground Armor Level 1  
  59  5:15  Baneling Nest  
  59  5:16  Burrow  
  59  5:18  Zergling x2  
  59  5:22  Queen  
  59  5:25  Zergling x4  
  63  5:30  Zergling x2  
  63  5:34  Pathogen Glands  
  63  5:35  Drone  
  63  5:36  Drone  
  64  5:45  Overlord  
  64  5:59  Baneling x4  
  64  6:05  Infestor x2, Spore Crawler  
  64  6:07  Drone x2  
  64  6:08  Drone x3  
  72  6:12  Drone  
  73  6:19  Drone x4  
  73  6:22  Drone  
  78  6:27  Extractor, Overlord  
  78  6:28  Extractor  
  78  6:32  Drone x4, Queen  
  82  6:39  Neural Parasite, Queen  
  84  6:43  Overlord  
  84  6:52  Drone x3  
  84  6:53  Drone x2  
  89  7:01  Zergling x2  
  89  7:02  Zergling x4  
  89  7:07  Zergling x8  
  96  7:09  Infestor  
  96  7:10  Zerg Melee Weapons Level 2  
  96  7:13  Infestor  
  100  7:15  Hive  
  100  7:25  Infestor  
  100  7:26  Zergling x2  
  100  7:27  Hatchery, Zergling x8  
  106  7:30  Overlord  
  106  7:31  Centrifical Hooks  
  106  7:36  Zergling x2  
  109  7:37  Zergling x6  
  109  7:40  Infestor  
  109  7:43  Zergling x2  
  112  7:51  Drone  
  112  7:52  Drone x4  
  117  8:02  Zergling x10  
  122  8:06  Overlord  
  122  8:19  Overlord x4  
  122  8:20  Hatchery  
  121  8:27  Baneling x8  
  121  8:29  Overlord  
  121  8:33  Zergling x16  
  129  8:35  Adrenal Glands  
  129  8:39  Ultralisk Cavern  
  128  8:41  Infestor  
  128  8:43  Infestor  
  128  8:51  Baneling x6, Zergling x2  
  128  8:52  Zergling x8  
  128  8:53  Baneling x8  
  133  9:00  Zergling x4  
  133  9:01  Zergling x8  
  139  9:04  Zergling x4  
  139  9:05  Overseer  
  128  9:21  Zergling x2  
  128  9:22  Zergling x16  
  117  9:30  Zergling x2  
  110  9:31  Zergling x4  
  110  9:32  Zergling x6  
  110  9:36  Ultralisk, Zergling x2  
  110  9:37  Ultralisk  
  110  9:38  Zergling x2  
  127  9:40  Zergling x2  
  127  9:43  Overlord, Zergling x2  
  127  9:45  Chitinous Plating  
  129  9:47  Zerg Melee Weapons Level 3  
  129  9:51  Baneling x5  
  129  9:52  Drone  
  130  9:53  Drone  
  131  10:08  Infestor x3  
  137  10:18  Drone x2  
  137  10:20  Zergling x24  
  151  10:23  Baneling  
  151  10:27  Ultralisk  
  157  10:36  Ultralisk  
  157  10:38  Zergling x8  
  157  10:39  Zergling x2  
  157  10:42  Spore Crawler  
  167  10:43  Spine Crawler  
  166  10:56  Ultralisk x2  
  178  10:57  Overlord  
  178  11:08  Zergling x6  
  181  11:15  Overlord x2  
  181  11:23  Overlord, Ultralisk  
  181  11:24  Overseer x2, Pneumatized Carapace  
  184  11:34  Ultralisk  
  184  11:35  Zergling x16  
  188  11:50  Ultralisk  
  188  11:51  Zergling x20  
  188  11:52  Zergling x6  
  152  12:03  Ultralisk  
  152  12:08  Zergling x12  
  140  12:19  Ultralisk  
  140  12:20  Zergling x8  
  144  12:26  Ultralisk  
  144  12:29  Drone  
  148  12:35  Baneling x8  
  148  12:41  Hatchery  
  148  12:43  Zergling x14  
  142  12:58  Extractor  
  135  13:00  Extractor  
Show
View Real Time Build Order
Export as new Build Order

Lisandro Protoss 

Build Orders: 1 Gate Expand, Phoenix Opening 

Get SALT Encoding   

  12  0:01  Probe (Chrono Boost)  
  13  0:12  Probe (Chrono Boost)  
  14  0:19  Pylon  
  14  0:23  Probe (Chrono Boost)  
  15  0:37  Probe (Chrono Boost)  
  15  0:38  Gateway  
  16  0:47  Probe (Chrono Boost)  
  16  0:48  Assimilator  
  17  0:58  Probe (Chrono Boost)  
  18  1:08  Probe (Chrono Boost)  
  19  1:25  Nexus, Probe (Chrono Boost)  
  20  1:35  Cybernetics Core  
  20  1:38  Probe (Chrono Boost)  
  21  1:46  Pylon  
  21  1:49  Probe (Chrono Boost)  
  21  1:54  Assimilator  
  22  1:59  Probe (Chrono Boost)  
  23  2:10  Adept  
  23  2:11  Probe (Chrono Boost)  
  23  2:15  Warp Gate  
  27  2:23  Probe (Chrono Boost)  
  27  2:35  Probe (Chrono Boost)  
  27  2:36  Adept  
  28  2:41  Stargate  
  28  2:43  Probe (Chrono Boost)  
  31  2:45  Probe (Chrono Boost)  
  32  2:53  Probe (Chrono Boost)  
  32  2:56  Probe (Chrono Boost)  
  34  3:04  Probe (Chrono Boost)  
  33  3:06  Probe (Chrono Boost)  
  34  3:14  Probe (Chrono Boost)  
  34  3:17  Adept, Probe (Chrono Boost)  
  38  3:25  Probe (Chrono Boost)  
  39  3:28  Phoenix  
  39  3:29  Mothership Core (Chrono Boost)  
  41  3:37  Probe (Chrono Boost)  
  42  3:44  Pylon  
  42  3:46  Gateway  
  42  3:48  Gateway  
  43  3:49  Probe x2 (Chrono Boost)  
  43  3:53  Phoenix  
  44  4:02  Probe (Chrono Boost)  
  48  4:04  Probe (Chrono Boost)  
  48  4:13  Probe (Chrono Boost)  
  48  4:14  Pylon, Phoenix  
  48  4:16  Probe (Chrono Boost)  
  51  4:26  Adept  
  52  4:32  Probe (Chrono Boost)  
  52  4:36  Phoenix  
  53  4:46  Probe (Chrono Boost)  
  53  4:48  Probe (Chrono Boost)  
  53  4:52  Nexus  
  55  4:56  Pylon  
  55  4:59  Probe (Chrono Boost)  
  57  5:00  Adept  
  57  5:01  Probe (Chrono Boost), Phoenix  
  61  5:10  Probe (Chrono Boost)  
  61  5:12  Pylon  
  61  5:13  Assimilator  
  63  5:14  Probe (Chrono Boost)  
  63  5:18  Assimilator  
  64  5:22  Probe (Chrono Boost)  
  64  5:27  Probe (Chrono Boost)  
  65  5:34  Probe (Chrono Boost)  
  66  5:37  Probe (Chrono Boost)  
  66  5:38  Robotics Facility  
  67  5:46  Probe (Chrono Boost)  
  67  5:47  Forge  
  67  5:48  Probe (Chrono Boost)  
  69  5:53  Zealot x2  
  69  5:54  Sentry  
  76  5:58  Probe (Chrono Boost)  
  76  5:59  Probe (Chrono Boost)  
  76  6:00  Pylon  
  77  6:06  Probe (Chrono Boost)  
  77  6:07  Assimilator  
  77  6:09  Probe (Chrono Boost)  
  77  6:10  Protoss Ground Weapons Level 1, Probe (Chrono Boost)  
  80  6:11  Twilight Council, Assimilator  
  80  6:15  Sentry  
  80  6:16  Probe (Chrono Boost)  
  83  6:20  Probe (Chrono Boost)  
  83  6:22  Probe (Chrono Boost)  
  85  6:26  Observer  
  85  6:27  Probe (Chrono Boost)  
  85  6:30  Probe (Chrono Boost), Robotics Bay  
  88  6:34  Probe (Chrono Boost)  
  88  6:38  Probe (Chrono Boost)  
  90  6:40  Robotics Facility  
  90  6:41  Probe (Chrono Boost)  
  90  6:44  Pylon, Sentry  
  90  6:45  Zealot  
  90  6:47  Probe (Chrono Boost)  
  96  6:48  Probe (Chrono Boost)  
  96  6:52  Probe (Chrono Boost)  
  102  7:10  Colossus  
  102  7:12  Probe (Chrono Boost)  
  102  7:15  Pylon  
  103  7:18  Pylon  
  103  7:20  Extended Thermal Lance  
  105  7:26  Colossus  
  105  7:32  Blink  
  113  7:38  Photon Cannon, Probe x2 (Chrono Boost)  
  113  7:41  Zealot x2  
  113  7:43  Gateway x2  
  117  7:45  Gateway  
  117  7:52  Protoss Ground Weapons Level 2  
  117  7:59  Colossus  
  117  8:02  Nexus, Gateway  
  117  8:03  Pylon  
  117  8:06  Pylon  
  117  8:07  Gateway  
  123  8:15  Pylon  
  123  8:16  Probe (Chrono Boost)  
  124  8:21  Templar Archives  
  124  8:23  Probe x2 (Chrono Boost)  
  124  8:26  Colossus, Assimilator  
  127  8:28  Probe (Chrono Boost), Assimilator  
  133  8:35  Pylon  
  133  8:48  Photon Cannon  
  133  8:49  Colossus  
  139  9:03  Dark Shrine  
  139  9:04  High Templar x2  
  131  9:20  Colossus  
  109  9:24  Zealot  
  109  9:25  Zealot x4  
  118  9:33  Probe (Chrono Boost)  
  111  9:40  Immortal  
  111  9:41  Probe x2 (Chrono Boost)  
  111  9:43  Probe (Chrono Boost)  
  119  9:45  Probe (Chrono Boost)  
  119  9:50  High Templar x2  
  119  9:51  Zealot x2, High Templar x2  
  119  9:52  Zealot  
  133  9:55  Probe x2 (Chrono Boost)  
  133  9:56  Archon  
  133  9:57  Archon  
  135  10:09  Photon Cannon, Probe x2 (Chrono Boost)  
  135  10:11  Immortal  
  137  10:17  High Templar x2  
  137  10:21  Pylon, Dark Templar, Probe (Chrono Boost)  
  140  10:22  Dark Templar  
  140  10:23  Pylon  
  140  10:24  Archon  
  140  10:26  Archon  
  140  10:28  Immortal  
  144  10:30  Photon Cannon, Probe (Chrono Boost)  
  144  10:34  Pylon  
  149  10:37  Zealot x2  
  149  10:38  Zealot x2  
  157  10:47  Probe (Chrono Boost)  
  157  10:48  Probe (Chrono Boost)  
  159  10:55  Dark Templar x2  
  163  10:57  Dark Templar x2  
  163  11:03  Archon x2  
  167  11:09  Immortal x2  
  167  11:15  Dark Templar  
  167  11:17  Dark Templar  
  179  11:27  Dark Templar, Archon  
  179  11:28  Dark Templar  
  179  11:32  Nexus  
  183  11:34  Pylon  
  183  11:35  Pylon  
  183  11:38  Photon Cannon, Archon  
  183  11:39  Dark Templar x2  
  187  11:40  Photon Cannon  
  187  11:46  Immortal  
  132  11:54  Zealot x3  
  132  11:55  Zealot  
  132  11:58  Probe (Chrono Boost)  
  132  12:00  Probe (Chrono Boost)  
  132  12:01  Probe (Chrono Boost)  
  105  12:02  Dark Templar, Probe (Chrono Boost)  
  99  12:09  Probe (Chrono Boost)  
  99  12:14  Probe x3 (Chrono Boost)  
  105  12:18  Dark Templar  
  105  12:19  Dark Templar x3, Probe (Chrono Boost)  
  110  12:24  Probe (Chrono Boost)  
  110  12:25  Probe (Chrono Boost), Immortal  
  110  12:26  Probe (Chrono Boost), Archon x2  
  110  12:30  Probe (Chrono Boost)  
  110  12:33  Robotics Facility  
  110  12:35  Probe x2 (Chrono Boost)  
  117  12:38  Pylon, Probe (Chrono Boost)  
  117  12:40  Zealot, Probe (Chrono Boost)  
  120  12:45  Probe (Chrono Boost)  
  120  12:46  Probe x2 (Chrono Boost)  
  120  12:50  Probe (Chrono Boost)  
  122  12:53  Probe (Chrono Boost)  
  122  12:58  Dark Templar x2  
  91  13:08  Archon  
Tags
 
Add a new tag
Caveats
  • Supply blocks, unpowered buildings, or Contaminate may cause inaccurate times.
  • Supply counts are checked every 10 seconds.